Description

Optimization of a 3 racks proxy reapers on simulacrum by Innovation during Stay At Home story Cup

Replay - INnoVation v soO: Game 2 - Simulacrum LE

Build Order

Get SALT Encoding   

  12  0:01  SCV  
  13  0:15  Supply Depot  
  13  0:29  Refinery  
  13  0:37  Barracks  
  13  0:54  Barracks  
  13  1:15  Barracks  
  13  1:23  Reaper  
  14  1:34  Refinery  
  14  1:42  Reaper  
  15  1:55  Reaper  
  16  2:04  Reaper  
  17  2:17  Reaper  
  18  2:28  Reaper  
  19  2:39  Reaper  
  20  2:49  Reaper  
  21  3:00  Reaper  
  22  3:11  Reaper  
Spawning Tool Build Advisor. Get it on Overwolf

Go to:

Details

  • Created by: KidPaddle
  • Published on: May 02, 2020
  • Modified on: May 02, 2020
  • Patch: 4.11.0
Show
View Real Time Build Order
Export as new Build Order

Comments (0)

There are no comments. Be the first!

Create an account to comment!